 Dungeon Crawl Stone Soup version 0.31-a0-986-g5e6e4ef867 (webtiles) character file.

Game seed: 16561804761970171338

403 timneilson the Ruffian (level 6, -2/42 HPs)
             Began as an Octopode Shapeshifter on Nov 4, 2023.
             Slain by a kobold brigand
             ... wielding a +0 dagger
              (7 damage)
             ... in a sewer.
             The game lasted 00:06:32 (2268 turns).

timneilson the Ruffian (Octopode Shapeshifter)      Turns: 2268, Time: 00:06:32

Health: -2/42      AC:  1    Str: 15    XL:     6   Next: 86%
Magic:  8/8        EV: 13    Int: 13    God:
Gold:   172        SH:  0    Dex: 11    Spells: 8/8 levels left

rFire   . .          .
                       - Unarmed
rCold   . . .        (no shield)
rNeg    . . .        (helmet currently unavailable)
rPois   .            (no amulet)
rElec   .            (no ring)
rCorr   .            (no ring)
SInv    .            (no ring)
Will    .....        (no ring)
Stlth   ++++         (no ring)
HPRegen 0.27/turn    (no ring)
MPRegen 0.11/turn    (no ring)
                     (no ring)

%: no passive effects
@: beast-form
A: beast (slay +2), almost no armour, amphibious, 8 rings, camouflage 1,
gelatinous body 1, nimble swimmer 1, tentacles
a: Begin Untransformation


You were in a sewer.
You were a hulking beast.
You visited 1 branch of the dungeon, and saw 3 of its levels.
You also visited: Sewer.

You collected 172 gold pieces.

Inventory:

Jewellery
 i - a ring of fire
Talismans
 b - a beast talisman
 c - a flux talisman
 e - a dragon-blood talisman
Scrolls
 g - a scroll of torment {unknown}
 j - a scroll of teleportation {unknown}
 k - a scroll of vulnerability {unknown}
Potions
 a - a potion of lignification
 d - a potion of brilliance
 f - a potion of might {unknown}
 h - 2 potions of mutation
 l - a potion of haste {unknown}


   Skills:
 * Level 3.1 Fighting
 * Level 3.5 Dodging
 + Level 2.6 Stealth
 * Level 4.1 Unarmed Combat
 + Level 1.5 Spellcasting
 * Level 4.1 Shapeshifting


You had 8 spell levels left.
You didn't know any spells.
Your spell library contained the following spells:

 Spells                   Type           Power      Damage    Failure   Level
 Freeze                   Ice            4%         1d3       26%         1
 Frozen Ramparts          Ice            2%         1d1       63%         3
 Hailstorm                Conj/Ice       1%         3d3       63%         3


Dungeon Overview and Level Annotations

Branches:
Dungeon (3/15)              Sewer (1/1)

Altars:
Yredelemnul


Innate Abilities, Weirdness & Mutations

You are a hulking beast.
Your limbs bulge with bestial killing power. (Slay +2)
You cannot wear most types of armour.
You are amphibious.
You can wear up to eight rings at the same time.
Your skin changes colour to match your surroundings (Stealth+).
Your rubbery body absorbs attacks. (AC +1, EV +1)
You are camouflaged when in or above water. (Stealth+)
You have tentacles for arms and can constrict up to eight enemies at once.


Message History

You bludgeon the kobold brigand!
You kill the kobold brigand!
Your Fighting skill increases to level 3!
Your Unarmed Combat skill increases to level 4!
Your Shapeshifting skill increases to level 4!
You tentacle-slap the kobold brigand but do no damage.
Your grab misses the kobold brigand. Your squeeze misses the kobold brigand.
You closely miss the kobold brigand. Your grab misses the kobold brigand.
You tentacle-slap the kobold brigand. You grab the kobold brigand.
The kobold brigand is moderately wounded.
You constrict the kobold brigand.
The kobold brigand hits you with a +0 short sword.
You tentacle-slap the kobold brigand. You squeeze the kobold brigand.
The kobold brigand is heavily wounded.
You constrict the kobold brigand. The kobold brigand closely misses you.
The kobold brigand barely misses you.
You tentacle-slap the kobold brigand.
The kobold brigand is heavily wounded.
You constrict the kobold brigand. The kobold brigand barely misses you.
The kobold brigand closely misses you.
You tentacle-slap the kobold brigand but do no damage.
The kobold brigand is severely wounded.
You constrict the kobold brigand. The kobold brigand barely misses you.
The kobold brigand hits you with a +0 dagger.
You tentacle-slap the kobold brigand.
You kill the kobold brigand!
You bludgeon the kobold brigand! Your grab misses the kobold brigand.
The kobold brigand is moderately wounded.
The kobold brigand hits you with a +0 dagger!
* * * LOW HITPOINT WARNING * * *
You tentacle-slap the kobold brigand. You grab the kobold brigand.
You squeeze the kobold brigand.
The kobold brigand is heavily wounded.
You constrict the kobold brigand.
The kobold brigand splashes around in the water.
You tentacle-slap the kobold brigand but do no damage.
The kobold brigand is severely wounded.
You constrict the kobold brigand.
The kobold brigand hits you with a +0 dagger!
You die...

##...~≈≈≈≈~#....##
#....†≈≈≈≈~##...#
##.....≈≈≈≈≈≈##..#
#....~.≈≈≈≈≈≈##..##
#....~~~≈≈≈≈~#....#
#.....~≈≈≈≈≈~~....##
##...†~≈≈≈≈≈~......#
#....~≈≈≈≈≈~~~....#
#...)h≈≈≈≈†≈~~~...#
##..K≈≈≈≈≈≈≈≈≈~...#
##)###≈≈≈≈≈≈###+##
.... #≈≈≈≈≈≈#
#.....#≈≈≈≈≈≈#
##...##≈≈≈≈≈≈#
.....#≈≈≈≈≈≈#
#!.#.!#≈≈≈≈≈≈# ###
###


You could see a kobold brigand.

Vanquished Creatures
  3 kobold brigands (Sewer)
  Jessica (D:2)
  3 adders
  7 river rats
  2 worms (D:3)
  2 dart slugs
  An orc (D:3)
  7 endoplasms
  6 giant cockroaches
  3 goblins
  4 hobgoblins
  2 quokkas (D:1)
  3 ball pythons
  A bat (D:1)
  4 frilled lizards
  17 kobolds
  18 rats
84 creatures vanquished.

Notes
Turn   | Place    | Note
-------+----------+-------------------------------------------
     0 | D:1      | timneilson the Octopode Shapeshifter began the quest for
                  | the Orb.
     0 | D:1      | Reached XP level 1. HP: 13/13 MP: 1/1
    48 | D:1      | Reached XP level 2. HP: 9/18 MP: 2/2
    62 | D:1      | Found a basalt altar of Yredelemnul.
   520 | D:1      | Reached skill level 1 in Stealth
   542 | D:1      | Reached XP level 3. HP: 20/23 MP: 3/3
   874 | D:2      | Noticed Jessica
   883 | D:2      | Killed Jessica
   921 | D:2      | Reached XP level 4. HP: 27/29 MP: 4/4
  1706 | D:3      | Found a glowing drain.
  1718 | Sewer    | Entered a sewer
  1779 | Sewer    | Reached XP level 5. HP: 13/35 MP: 6/6
  1785 | Sewer    | Reached skill level 1 in Spellcasting
  1883 | Sewer    | Noticed a kobold brigand
  1896 | Sewer    | Killed a kobold brigand
  2129 | Sewer    | Reached XP level 6. HP: 37/41 MP: 7/7
  2268 | Sewer    | Slain by a kobold brigand

Illustrated notes

Levels and vault maps discovered:
D:1:      psy_arrival_conway, layout_loops_ring, minmay_hexomino_r4
D:2:      layout_basic, uniq_jessica
D:3:      minmay_razor_zed, layout_loops_ring, grunt_temple_overflow_octagram,
          gup_sewer_entry_bubbles, dilly_ecumenical_altar_fadedgnrine,
          dk_noncrumbling_3
Sewer:    sewer_minmay_treatment

Skill      XL: |  1  2  3  4  5  6 |
---------------+-------------------+-----
Stealth        | 1 2 |  2.6
Fighting       | 2 3 |  3.1
Spellcasting   | 1 |  1.5
Dodging        | 3 |  3.5
Unarmed Combat | 4 |  4.1
Shapeshifting  | 4 |  4.1

Action                     |  1- 3 |  4- 6 || total
---------------------------+-------+-------++-------
  Melee: Unarmed           |    50 |   117 ||   167
         Tentacles         |    10 |    27 ||    37
         Constrict         |    13 |    33 ||    46
         Punch             |     1 |     4 ||     5
    Use: Scroll            |     3 |     3 ||     6
         Potion            |       |     1 ||     1
   Stab: Sleeping          |     6 |     8 ||    14
 Armour: Skin              |    23 |    46 ||    69
  Dodge: Dodged            |    17 |    61 ||    78

Table legend: (Time is in decaauts)
 A = Elapsed time spent in this place.
 B = Non-inter-level travel time spent in this place.
 C = Inter-level travel time spent in this place.
 D = Time resting spent in this place.
 E = Time spent auto-exploring this place.
 F = Levels seen in this place.
 G = Mean time per level.
                   A        B        C        D        E       F      G
               +--------+--------+--------+--------+--------+-----+--------+
         Total |   2257 |   2215 |     42 |    201 |   1260 |   4 |  564.2 |
       Dungeon |   1712 |   1670 |     42 |      0 |   1182 |   3 |  570.7 |
         Sewer |    545 |    545 |      0 |    201 |     78 |   1 |  545.0 |
               +--------+--------+--------+--------+--------+-----+--------+

Top non-repeatable levels by time:
     D:1: 810 daAuts
     D:2: 730 daAuts
   Sewer: 545 daAuts
     D:3: 171 daAuts
